Map: Catalyst LE

Players

PartinG

  • Race: Protoss Protoss
  • League: Master
  • Spawn Location: 11:00

GOStephano (Stephano) - Winner!

  • Race: Zerg Zerg
  • League: Master
  • Spawn Location: 5:00

Event: HomeStory Cup XVII

VOD

Have the link to the VOD?

Description

Time

  • Played on: June 30, 2018, 11:08 a.m.
  • Length: 8:59

All games in this series

Show
View Real Time Build Order
Export as new Build Order

PartinG Protoss 

Build Orders:  

Get SALT Encoding   

  12  0:00  Probe  
  13  0:12  Probe  
  14  0:20  Pylon  
  14  0:24  Probe  
  15  0:34  Probe  
  15  0:39  Gateway  
  15  0:42  Probe  
  17  0:52  Probe  
  17  0:55  Forge  
  18  1:13  Pylon  
  18  1:15  Pylon  
  18  1:16  Pylon  
  18  1:22  Pylon  
  18  1:31  Photon Cannon  
  18  1:41  Photon Cannon  
  18  1:45  Probe  
  19  1:54  Gateway  
  19  2:03  Photon Cannon  
  19  2:13  Cybernetics Core  
  19  2:20  Assimilator  
  19  2:23  Assimilator  
  19  2:28  Zealot  
  21  2:32  Probe  
  22  2:42  Photon Cannon  
  22  2:49  Stalker  
  22  2:50  Probe  
  25  3:07  Shield Battery  
  25  3:10  Warp Gate, Stalker  
  27  3:25  Shield Battery  
  27  3:32  Stalker  
  27  3:33  Stalker  
  29  3:44  Probe  
  32  3:52  Shield Battery  
  32  4:04  Stalker  
  34  4:21  Shield Battery  
  34  4:24  Pylon  
  34  4:28  Stalker  
  34  4:31  Pylon  
  36  4:45  Shield Battery x2  
  36  4:48  Shield Battery  
  36  5:02  Shield Battery  
  36  5:03  Shield Battery  
  36  5:13  Zealot  
  38  5:16  Zealot  
  40  5:33  Zealot  
  42  5:36  Gateway  
  42  5:38  Zealot  
  44  5:48  Zealot  
  46  5:53  Shield Battery  
  46  6:00  Zealot  
  48  6:11  Zealot  
  50  6:14  Shield Battery  
  50  6:16  Pylon  
  44  6:26  Stalker  
  46  6:33  Sentry  
  46  6:38  Sentry  
  50  6:42  Shield Battery  
  50  6:53  Stalker  
  52  6:57  Probe  
  52  6:59  Stalker  
  55  7:08  Pylon  
  55  7:27  Stalker  
  55  7:28  Stalker x2  
  61  7:45  Stalker  
  63  7:55  Pylon  
  63  8:04  Nexus  
Show
View Real Time Build Order
Export as new Build Order

GOStephano Zerg - Winner!

Build Orders: Hatch First 

Get SALT Encoding   

  12  0:00  Drone  
  13  0:12  Overlord  
  13  0:18  Drone  
  14  0:31  Drone x2  
  16  0:49  Hatchery  
  15  0:51  Drone  
  15  0:55  Drone  
  17  0:59  Drone  
  18  1:08  Extractor  
  17  1:14  Spawning Pool  
  17  1:17  Drone  
  17  1:21  Drone  
  18  1:29  Drone  
  19  1:42  Drone  
  20  1:53  Drone  
  21  2:03  Queen  
  21  2:04  Zergling x2  
  24  2:10  Metabolic Boost, Drone  
  25  2:24  Hatchery  
  24  2:46  Spine Crawler, Drone  
  24  3:01  Overlord  
  24  3:18  Overlord  
  24  3:19  Queen  
  26  3:20  Hatchery  
  25  3:27  Zergling x6  
  28  3:36  Queen  
  28  3:37  Drone  
  31  3:47  Spine Crawler  
  30  3:48  Drone  
  30  3:59  Drone  
  31  4:09  Zergling x6  
  34  4:10  Drone  
  34  4:15  Lair  
  35  4:30  Overlord x2  
  35  4:32  Drone x2  
  35  4:33  Drone  
  38  4:42  Zergling x6  
  41  4:52  Drone x5  
  46  5:04  Spine Crawler, Drone  
  46  5:05  Drone x2  
  48  5:12  Evolution Chamber  
  46  5:23  Drone x3  
  46  5:27  Nydus Network  
  47  5:29  Queen  
  47  5:32  Zergling x6  
  50  5:44  Zerg Melee Weapons Level 1  
  47  5:52  Zergling x8  
  47  5:56  Drone x3  
  54  6:05  Nydus Canal  
  54  6:08  Drone x3  
  51  6:28  Spawning Pool  
  51  6:29  Overlord  
  51  6:30  Overlord x2  
  50  6:35  Spine Crawler  
  49  6:42  Overlord  
  49  6:55  Extractor  
  48  7:12  Hatchery  
  47  7:16  Zergling x12  
  47  7:18  Zergling x8  
  57  7:29  Queen  
  57  7:41  Nydus Canal  
  57  7:44  Zergling x6  
  59  7:54  Hatchery  
  58  8:09  Zergling x2  
  58  8:10  Zergling x6  
  60  8:22  Zergling x2  
  51  8:27  Zergling x6  
  51  8:33  Zergling x2  
  48  8:39  Zergling x2  
  48  8:40  Zergling x2  
Tags
 
Add a new tag
Caveats
  • Supply blocks, unpowered buildings, or Contaminate may cause inaccurate times.
  • Supply counts are checked every 10 seconds.